 Dungeon Crawl Stone Soup version 0.17-a0-1528-gfee3901 (webtiles) character file.

128253 HEYYEYAAE the Warrior (level 16, -1/294 HPs)
             Began as a Purple Draconian Berserker on July 15, 2015.
             Was the Champion of Trog.
             Slain by a spider (2 damage)
             ... while paralysed by a hornet
             ... on level 1 of the Spider Nest.
             The game lasted 01:24:26 (32217 turns).

HEYYEYAAE the Warrior (Purple Draconian Berserker) Turns: 32217, Time: 01:24:26

Health: -1/294     AC: 13    Str: 36    XL:     16   Next: 48%
Magic:  25/25      EV:  2    Int:  6    God:    Trog [******]
Gold:   1161       SH:  0    Dex: 20    Spells: 0 memorised, 15 levels left

rFire  + . .     SeeInvis .     i - +6 scimitar "Qifuc" {flame, MR+ Dex+8}
rCold  . . .     Clarity  .     (armour unavailable)
rNeg   . . .     SustAt   .     A - +0 shield {reflect}
rPois  .         Gourm    +     (helmet restricted)
rElec  .         Spirit   .     y - +1 cloak
rCorr  .         Warding  .     c - +1 pair of gloves
rMut   .         Stasis   .     (no boots)
MR     +++..                    J - amulet of the gourmand
Stlth  ..........               H - ring of protection from fire
                                a - ring "Cufoushru" {Str+4 Dex+2}

@: paralysed, berserking (expiring), lethally poisoned (-1 -> -160), slowed,
extremely resistant to hostile enchantments, extremely unstealthy
A: breathe power, unfitting armour, horns 1, stinger 1, blurry vision 1,
deterioration 1, dopey 1, robust 3, cold-blooded, subdued magic 1, AC +9
a: Breathe Dispelling Energy, Burn Spellbooks, Berserk, Trog's Hand, Brothers in
Arms, Renounce Religion


You were on level 1 of the Spider Nest.
You worshipped Trog.
Trog was exalted by your worship.
You were full.

You visited 6 branches of the dungeon, and saw 30 of its levels.

You collected 2868 gold pieces.
You spent 1707 gold pieces at shops.

Inventory:

Hand weapons
 h - a +9 antimagic double sword
 i - the +6 scimitar "Qifuc" (weapon) {flame, MR+ Dex+8}
   (You found it on level 10 of the Dungeon)

   It has been specially enchanted to burn those struck by it, causing extra
   injury to most foes and up to half again as much damage against particularly
   susceptible opponents.
   Big, fiery blades are also staple armaments of hydra-hunters.
   It affects your dexterity (+8).
   It affects your resistance to hostile enchantments.
Armour
 c - a +1 pair of gloves (worn)
 y - a +1 cloak (worn)
 A - a +0 shield of reflection (worn)
Jewellery
 a - the ring "Cufoushru" (left hand) {Str+4 Dex+2}
   (You took it off a wizard on level 12 of the Dungeon)

   [ring of strength]

   It affects your strength (+4).
   It affects your dexterity (+2).
 e - an uncursed amulet of guardian spirit
 g - an uncursed ring of protection from cold
 x - the amulet "Loemp" {Stasis rF++ MR+ Int+3}
   (You found it on level 15 of the Dungeon)

   [amulet of stasis]

   It prevents you from being teleported, slowed, hasted or paralysed.
   It affects your intelligence (+3).
   It greatly protects you from fire.
   It affects your resistance to hostile enchantments.
 H - a ring of protection from fire (right hand)
 J - an amulet of the gourmand (around neck)
 N - an uncursed ring of flight
Magical devices
 j - a wand of invisibility (0)
 l - a wand of teleportation (4)
 m - a wand of confusion (23)
 o - a wand of heal wounds (3)
 q - a wand of fire (7)
 w - a wand of digging (8)
 D - a wand of polymorph (11)
 F - a wand of hasting (2)
 G - a wand of enslavement (18)
 Q - a wand of fire (1)
 S - a wand of cold (4)
 Z - a wand of draining (6)
Scrolls
 f - 2 scrolls of blinking
 k - 4 scrolls of immolation
 t - 3 scrolls of teleportation
 C - 3 scrolls of remove curse
 L - a scroll of enchant weapon
 P - 7 scrolls of magic mapping
 T - 4 scrolls of fog
 V - a scroll of holy word
 X - 6 scrolls of enchant armour
 Y - a scroll of silence
Potions
 d - 4 potions of brilliance
 n - 4 potions of agility
 u - 3 potions of flight
 v - 4 potions of haste
 E - 8 potions of might
 K - a potion of ambrosia
 M - 2 potions of cure mutation
 U - 2 potions of heal wounds
Miscellaneous
 r - a stone of tremors
 O - a legendary deck of summoning {drawn: 5}
 R - a fan of gales
Comestibles
 b - 17 bread rations
 p - 10 meat rations
 z - 4 slices of pizza
 B - 2 beef jerkies
 I - 10 royal jellies
 W - 31 fruits


   Skills:
 - Level 15.9 Fighting
 - Level 12.9 Long Blades
 + Level 12.9 Dodging
 - Level 12.5 Stealth
 * Level 8.3 Shields
 - Level 12.2 Evocations


You had 15 spell levels left.
You didn't know any spells.

Dungeon Overview and Level Annotations

Branches:
Dungeon (15/15)            Temple (0/1) D:4            Lair (8/8) D:8
 Shoals (0/4) Lair:4       Spider (1/4) Lair:4        Slime (0/6) Lair:8
    Orc (4/4) D:10            Elf (1/3) Orc:4        Vaults (0/5) D:14
 Depths (1/5) D:15

Altars:
Ashenzari
Dithmenos
Elyvilon
Fedhas
Gozag
Kikubaaqudgha
Nemelex Xobeh
Sif Muna
Trog
Yredelemnul
Beogh

Shops:
D:14 *   Orc:1 *   Orc:4 ?*}*:


Innate Abilities, Weirdness & Mutations

You can breathe bolts of dispelling energy.
Your rich purple scales are hard (AC +9).
Your body does not fit into most forms of armour.
You are cold-blooded and may be slowed by cold attacks.
You have a pair of small horns on your head.
Your tail ends in a poisonous barb.
Scrolls take you a little longer to read.
Your body sometimes deteriorates upon taking damage.
You are dopey. (Int -2)
You are extremely robust (+30% HP).
Your spells are a little easier to cast, but a little less powerful.


Message History

You feel yourself slow down.
The jumping spider leaps!
The redback bites you but does no damage.
The spider bites you but does no damage.
The redback bites you but does no damage.
The hornet stings you but does no damage.
* * * LOW HITPOINT WARNING * * *
You feel extremely sick. The redback bites you!
* * * LOW HITPOINT WARNING * * *
The spider bites you but does no damage.
The redback bites you!
* * * LOW HITPOINT WARNING * * *
You are more poisoned.
The redback poisons you!
The jumping spider leaps!
The hornet stings you.
* * * LOW HITPOINT WARNING * * *
You are more poisoned.
You shrug off the repeated paralysis!
The redback bites you!
* * * LOW HITPOINT WARNING * * *
The spider bites you.
You die...

..........>......................
...[.....................†......#
........................(^......#
....................^...........#
.........^....(.........=........
.................................
.................................
...............y.................
...............s@§...............
...........s†††§ss...............
..... ......†....................
.... ...>................[......
..........^............#..#
.......§...........§§§^####
.......................
..................
$................


You could see a hornet, a jumping spider, 2 redbacks and a spider.

Vanquished Creatures
  Rupert (Orc:4)
  Frances (D:13)
  2 vault guards (D:14)
  A rakshasa (Depths:1)
  3 ogre magi
  Harold (D:11)
  9 hydras
  Erica (D:8)
  An alligator (D:14)
  A catoblepas (Lair:5)
  5 death yaks
  3 centaur warriors (D:15)
  An orc high priest (Orc:4)
  Urug (D:14)
  A salamander mystic (Depths:1)
  3 unseen horrors
  A swamp dragon (D:10)
  4 hill giants
  5 orc knights
  2 deep elf conjurers (D:15)
  A wolf spider (Spider:1)
  3 cyclopes
  2 wizards (D:12)
  14 ugly things
  2 salamanders (Depths:1)
  3 manticores
  A shining eye (D:12)
  6 slime creatures
  An orb spider (Spider:1)
  4 centaur zombies
  The ghost of George the Carver, an experienced DsGl of Makhleb (D:6)
  14 elephants
  Maurice (Orc:1)
  15 spiny frogs
  5 orc sorcerers
  2 moths of wrath (Spider:1)
  Joseph (D:7)
  9 black mambas
  2 gargoyles
  A molten gargoyle (Depths:1)
  A torpor snail (D:14)
  A naga mage (D:15)
  3 kobold demonologists
  7 centaur skeletons
  5 komodo dragons
  A spriggan druid (Lair:8)
  A freezing wraith (D:14)
  2 fire drakes (Lair:7)
  2 demonic crawlers (Spider:1)
  4 jumping spiders (Spider:1)
  A merfolk (shapeshifter) (D:14)
  9 polar bears (Lair:8)
  8 trolls
  13 blink frogs
  A blink frog (shapeshifter) (D:15)
  Prince Ribbit (D:9)
  2 boulder beetles (Lair:7)
  A trapdoor spider zombie (D:14)
  A shadow (D:14)
  8 spriggans
  5 two-headed ogres
  A water elemental (D:14)
  Sigmund (D:3)
  24 redbacks
  5 trapdoor spiders
  6 tarantellas
  3 wraiths
  A vampire (D:14)
  5 wyverns
  4 basilisks
  A deep elf mage (D:13)
  8 hippogriffs
  11 vampire mosquitoes
  97 yaks
  2 humans (shapeshifter) (D:14)
  A mottled dragon (D:9)
  3 hungry ghosts
  The ghost of TheHolyPigeon the Firebug, an average DsFE (D:3)
  19 wolves
  Edmund (D:4)
  Duvessa (D:4)
  2 sky beasts (D:8)
  5 spiders (Spider:1)
  2 soldier ants
  17 water moccasins
  21 orc warriors
  A phantom (D:5)
  10 porcupines
  12 black bears
  3 necrophages
  4 ice beasts
  19 ogres
  4 wasps
  13 centaurs
  A brain worm (D:13)
  15 crocodiles
  4 big kobolds
  24 giant frogs
  4 scorpions
  Dowan (D:4)
  A wyvern skeleton (D:12)
  15 wights
  16 killer bees
  5 crimson imps
  A wyvern simulacrum (D:14)
  9 iguanas
  27 orc priests
  Crazy Yiuf (D:3)
  Ijyb (D:2)
  2 giant frog skeletons
  2 giant frog zombies
  13 jellies
  41 orc wizards
  7 hounds
  Natasha (thrice) (D:3)
  13 worker ants
  5 hell rats (Lair:6)
  20 sheep
  A hound skeleton (D:4)
  Robin (D:4)
  7 gnolls
  10 adders
  5 shadow imps
  39 river rats
  5 oozes (D:14)
  An adder zombie (D:6)
  2 worms
  An adder skeleton (D:7)
  6 giant geckos
  191 orcs
  18 bats
  A bat skeleton (D:5)
  26 goblins
  26 hobgoblins
  22 jackals
  25 kobolds
  2 ball pythons
  7 giant cockroaches
  3 giant gecko zombies
  4 giant newts
  A jackal skeleton (D:6)
  4 quokkas
  A quokka skeleton (D:5)
  6 rats
  A bush (Lair:1)
  A plant (D:6)
1168 creatures vanquished.

Vanquished Creatures (collateral kills)
  2 vault guards (D:14)
  A tengu warrior (D:11)
  4 death yaks (Lair:5)
  2 orc high priests (Orc:4)
  An orc sorcerer (Orc:4)
  A gargoyle (D:14)
  A troll (D:14)
  2 slime creatures (D:15)
  A steam dragon (D:14)
  2 orc warriors
  2 centaurs (D:15)
19 creatures vanquished.

Vanquished Creatures (others)
  Nessos (Lair:8)
  An elephant (Lair:7)
  A spiny frog (Lair:7)
  An orc wizard (D:13)
  An orc (D:11)
  25 fungi
  19 plants
49 creatures vanquished.

Grand Total: 1236 creatures vanquished

Notes
Turn   | Place    | Note
--------------------------------------------------------------
     0 | D:1      | HEYYEYAAE the Draconian Berserker began the quest for the Orb.
     0 | D:1      | Reached XP level 1. HP: 19/19 MP: 1/1
   122 | D:1      | Reached skill level 1 in Stealth
   167 | D:1      | Reached XP level 2. HP: 26/26 MP: 2/2
   487 | D:1      | Acquired Trog's second power
   624 | D:1      | Reached XP level 3. HP: 19/33 MP: 3/3
   658 | D:1      | Reached skill level 4 in Fighting
   957 | D:2      | Noticed Ijyb
   968 | D:2      | Killed Ijyb
   968 | D:2      | Reached XP level 4. HP: 27/40 MP: 4/4
  1105 | D:2      | Found a faded altar to an unknown god.
  1393 | D:3      | Noticed TheHolyPigeon's ghost (average DsFE)
  1404 | D:3      | Killed TheHolyPigeon's ghost
  1404 | D:3      | Reached XP level 5. HP: 47/47 MP: 5/5
  1479 | D:3      | Noticed Natasha
  1497 | D:3      | Killed Natasha
  1497 | D:3      | Reached XP level 6. HP: 31/55 MP: 6/6
  1688 | D:3      | Noticed Natasha
  1699 | D:3      | Killed Natasha
  1830 | D:3      | Noticed Sigmund
  1840 | D:3      | Killed Sigmund
  1840 | D:3      | Reached skill level 5 in Fighting
  1878 | D:3      | Noticed Natasha
  1882 | D:3      | Killed Natasha
  2069 | D:3      | Received a gift from Trog
  2172 | D:3      | Noticed Crazy Yiuf
  2183 | D:3      | Killed Crazy Yiuf
  2183 | D:3      | Your scales start taking on a rich purple colour.
  2183 | D:3      | Reached XP level 7. HP: 61/61 MP: 7/7
  2307 | D:4      | Noticed Duvessa
  2307 | D:4      | Noticed Dowan
  2319 | D:4      | Killed Dowan
  2325 | D:4      | Killed Duvessa
  2325 | D:4      | Reached skill level 5 in Long Blades
  2442 | D:4      | Found a shattered altar of Ashenzari.
  2512 | D:4      | Noticed Robin
  2549 | D:4      | Killed Robin
  2554 | D:4      | Reached skill level 6 in Fighting
  2565 | D:4      | Acquired Trog's third power
  2580 | D:5      | Entered Level 5 of the Dungeon
  2749 | D:5      | Reached XP level 8. HP: 65/69 MP: 8/8
  2808 | D:5      | Reached skill level 5 in Dodging
  3426 | D:5      | Reached skill level 5 in Stealth
  3755 | D:4      | Noticed Edmund
  3764 | D:4      | Killed Edmund
  3764 | D:4      | Reached skill level 7 in Fighting
  3786 | D:4      | Found a staircase to the Ecumenical Temple.
  4353 | D:6      | Noticed George's ghost (experienced DsGl)
  4360 | D:6      | Killed George's ghost
  4360 | D:6      | Reached XP level 9. HP: 78/78 MP: 7/9
  4578 | D:6      | Found a shadowy altar of Dithmenos.
  4585 | D:6      | Found a basalt altar of Yredelemnul.
  4587 | D:6      | Found a blossoming altar of Fedhas.
  4587 | D:6      | Found a bloodstained altar of Trog.
  4587 | D:6      | Found an opulent altar of Gozag.
  4587 | D:6      | Found an ancient bone altar of Kikubaaqudgha.
  4593 | D:6      | Found a white marble altar of Elyvilon.
  4923 | D:6      | Found a blossoming altar of Fedhas.
  5475 | D:7      | Reached skill level 8 in Fighting
  5699 | D:7      | Noticed Joseph
  5714 | D:7      | Killed Joseph
  6231 | D:8      | Found a staircase to the Lair.
  6253 | D:8      | Reached XP level 10. HP: 85/89 MP: 10/10
  6280 | D:8      | Noticed a death yak
  6294 | D:8      | Killed a death yak
  6543 | D:8      | Reached skill level 9 in Fighting
  6650 | D:8      | Noticed Erica
  6659 | D:8      | Killed Erica
  6952 | D:8      | You fall through a shaft for 3 floors!
  7146 | D:11     | Noticed Harold
  7147 | D:11     | Received a gift from Trog
  7416 | D:11     | Killed Harold
  7416 | D:11     | Reached skill level 10 in Fighting
  7416 | D:11     | Reached XP level 11. HP: 87/98 MP: 9/11
  7646 | D:11     | Noticed a tengu warrior
  7686 | D:11     | Killed a tengu warrior
  7981 | D:12     | Killed an unseen horror
  8090 | D:12     | Noticed an ice dragon
  8090 | D:12     | a slime creature changed into an ice dragon
  8419 | D:12     | Noticed Frances
  8720 | D:13     | Reached skill level 10 in Long Blades
  9583 | D:12     | Got a crystal short sword
  9712 | D:12     | Identified the +4 short sword of Resourcefulness {flame, *Corrode Dex+5} (You found it on level 12 of the Dungeon)
  9799 | D:12     | Reached skill level 11 in Fighting
  9821 | D:12     | Gained mutation: Your tail ends in a poisonous barb. [mutagenic meat]
 10144 | D:12     | Reached XP level 12. HP: 63/110 MP: 6/12
 10190 | D:12     | Reached skill level 10 in Stealth
 10190 | D:12     | Reached skill level 1 in Evocations
 10423 | D:12     | Noticed a wizard
 10434 | D:12     | Killed a wizard
 10496 | D:12     | Noticed a red very ugly thing
 10497 | D:12     | Noticed a wizard
 10497 | D:12     | Noticed Erolcha
 11248 | D:12     | Killed a wizard
 11296 | D:12     | Got a scintillating ivory ring
 11299 | D:12     | Identified the ring "Cufoushru" {Str+4 Dex+2} (You took it off a wizard on level 12 of the Dungeon)
 11344 | D:12     | Noticed Erolcha
 11344 | D:12     | Erolcha changed into Erolcha the spriggan
 11349 | D:12     | Killed Erolcha the spriggan
 11516 | D:10     | Entered Level 10 of the Dungeon
 11532 | D:10     | Noticed Snorg
 11536 | D:10     | Noticed Snorg
 11536 | D:10     | Snorg changed into Snorg the swamp dragon
 11546 | D:10     | Killed Snorg the swamp dragon
 11975 | D:10     | Found a roughly hewn altar of Beogh.
 11975 | D:10     | Found a staircase to the Orcish Mines.
 12399 | D:10     | Reached skill level 12 in Fighting
 12443 | D:10     | Reached skill level 10 in Dodging
 12696 | D:10     | Got a smoking scimitar
 12698 | D:10     | Got a warped whip
 12700 | D:10     | Identified the +6 scimitar "Qifuc" {flame, MR+ Dex+8} (You found it on level 10 of the Dungeon)
 12967 | D:9      | Received a gift from Trog
 13039 | D:9      | Noticed Prince Ribbit
 13046 | D:9      | Killed Prince Ribbit
 13319 | D:9      | Identified the Papyrus of Captivating Confrontation (You found it on level 9 of the Dungeon)
 14134 | D:8      | Reached skill level 5 in Evocations
 14139 | D:8      | Gained mutation: Scrolls take you a little longer to read. [mutagenic meat]
 14140 | D:8      | Gained mutation: Your spells are a little easier to cast, but a little less powerful. [mutagenic meat]
 14142 | D:8      | Gained mutation: You are dopey. (Int -2) [mutagenic meat]
 14143 | D:8      | Gained mutation: You have a pair of small horns on your head. [mutagenic meat]
 14144 | D:8      | Gained mutation: You are robust (+10% HP). [mutagenic meat]
 14449 | Orc:1    | Entered Level 1 of the Orcish Mines
 14451 | Orc:1    | Noticed Maurice
 14468 | Orc:1    | Killed Maurice
 14551 | Orc:1    | Received a gift from Trog
 14563 | Orc:1    | Found a roughly hewn altar of Beogh.
 14846 | Orc:2    | Received a gift from Trog
 15105 | Orc:1    | Found Foodujun's General Store.
 15116 | Orc:1    | Received a gift from Trog
 15130 | Orc:1    | Bought an uncursed amulet of the gourmand for 330 gold pieces
 15130 | Orc:1    | Bought a scroll of identify for 22 gold pieces
 16124 | Orc:4    | Entered Level 4 of the Orcish Mines
 16235 | Orc:4    | Found a staircase to the Elven Halls.
 16267 | Orc:4    | Reached XP level 13. HP: 130/130 MP: 17/17
 16273 | Orc:4    | Noticed Rupert
 16290 | Orc:4    | Killed Rupert
 16389 | Orc:4    | Found Hasaps's Quality Used Wands.
 16442 | Orc:4    | Noticed a brown very ugly thing
 16470 | Orc:4    | Killed a brown very ugly thing
 16482 | Orc:4    | Received a gift from Trog
 16690 | Elf:1    | Entered Level 1 of the Elven Halls
 16702 | Elf:1    | Gained mutation: Your body sometimes deteriorates upon taking damage. [mutagenic glow]
 17026 | Orc:4    | Reached skill level 13 in Fighting
 17185 | Orc:4    | Found Seukuoch's Book Shop.
 17185 | Orc:4    | Found Sorerch's Magic Scroll Shop.
 17186 | Orc:4    | Found Anaip's General Store.
 17188 | Orc:4    | Found Piliacwi's Assorted Antiques.
 17210 | Orc:4    | Bought a scroll of identify for 28 gold pieces
 17210 | Orc:4    | Bought a scroll of enchant weapon for 105 gold pieces
 17210 | Orc:4    | Bought a wand of teleportation (4) for 336 gold pieces
 17252 | Orc:4    | Bought a scroll of enchant armour for 90 gold pieces
 17252 | Orc:4    | Bought a scroll of magic mapping for 42 gold pieces
 17252 | Orc:4    | Bought a scroll of enchant armour for 90 gold pieces
 17252 | Orc:4    | Bought a scroll of enchant armour for 90 gold pieces
 17252 | Orc:4    | Bought a scroll of identify for 24 gold pieces
 17252 | Orc:4    | Bought a scroll of enchant weapon for 90 gold pieces
 17252 | Orc:4    | Bought a scroll of enchant weapon for 90 gold pieces
 17252 | Orc:4    | Bought a scroll of magic mapping for 42 gold pieces
 17255 | Orc:4    | Identified the +1 whip of the Harvest {holy, rN+ Str+3} (You found it on level 10 of the Dungeon)
 17257 | Orc:4    | Bought a pair of crude boots for 218 gold pieces
 17263 | Orc:4    | Identified the cursed -2 pair of boots "Vaeheabb" {Dex+4} (You bought it in a shop on level 4 of the Orcish Mines)
 17270 | Orc:4    | Bought a bread ration for 70 gold pieces
 17286 | Orc:4    | Bought a sedimented puce potion for 20 gold pieces
 17286 | Orc:4    | Bought a dark potion for 20 gold pieces
 17289 | Orc:4    | Gained mutation: You are very robust (+20% HP). [potion of beneficial mutation]
 17290 | Orc:4    | Gained mutation: You are extremely robust (+30% HP). [potion of beneficial mutation]
 17897 | D:13     | Noticed a hill giant
 17902 | D:13     | Killed a hill giant
 17951 | D:13     | Killed an unseen horror
 18020 | D:13     | Received a gift from Trog
 18088 | D:13     | Killed Frances
 18527 | D:14     | Found a gate to the Vaults.
 18845 | D:14     | Reached XP level 14. HP: 154/169 MP: 20/20
 18992 | D:14     | Noticed Urug
 19005 | D:14     | Killed Urug
 19417 | D:14     | Found a sparkling altar of Nemelex Xobeh.
 19461 | D:14     | Reached skill level 14 in Fighting
 19605 | D:14     | Found Uhaxem's General Store.
 19975 | D:14     | Found a deep blue altar of Sif Muna.
 20528 | D:15     | Entered Level 15 of the Dungeon
 20671 | D:15     | Received a gift from Trog
 21180 | D:15     | Reached skill level 10 in Evocations
 21215 | D:15     | Got a glittering diamond amulet
 21275 | D:15     | Found a staircase to the Depths.
 21737 | D:15     | Found a shadowy altar of Dithmenos.
 21986 | D:15     | Identified the amulet "Loemp" {Stasis rF++ MR+ Int+3} (You found it on level 15 of the Dungeon)
 22285 | Depths:1 | Entered Level 1 of the Depths
 22793 | D:14     | Reached skill level 15 in Fighting
 23011 | Lair:1   | Entered Level 1 of the Lair of Beasts
 23304 | Lair:1   | Received a gift from Trog
 23310 | Lair:1   | Got a steaming great sword {god gift}
 23311 | Lair:1   | Identified the +4 great sword of Ogaene {drain, rN+ Str-5 Int-5 Dex+5} (Trog gifted it to you on level 1 of the Lair of Beasts)
 23666 | Lair:1   | Reached XP level 15. HP: 169/183 MP: 23/23
 24099 | Lair:2   | Got a transparent buckler
 24105 | Lair:2   | Identified the -6 buckler of the Arcane {Str+4} (You found it on level 2 of the Lair of Beasts)
 25663 | Lair:4   | Found a hole to the Spider Nest.
 26061 | Lair:4   | Found a staircase to the Shoals.
 26209 | Lair:4   | Received a gift from Trog
 27051 | Lair:5   | Received a gift from Trog
 28501 | Lair:6   | Received a gift from Trog
 28684 | Lair:6   | Identified a scroll of acquirement
 29094 | Lair:7   | Reached skill level 1 in Shields
 29874 | Lair:7   | Reached XP level 16. HP: 132/196 MP: 25/25
 30074 | Lair:8   | Entered Level 8 of the Lair of Beasts
 30231 | Lair:8   | Reached skill level 5 in Shields
 30300 | Lair:8   | Found a staircase to the Slime Pits.
 30349 | Lair:8   | Received a gift from Trog
 30636 | Lair:8   | Noticed Nessos
 30650 | Lair:8   | Killed Nessos
 31320 | Lair:8   | Received a gift from Trog
 31605 | Lair:5   | You fall through a shaft!
 31746 | Spider:1 | Entered Level 1 of the Spider Nest
 32205 | Spider:1 | Paralysed by a hornet for 2 turns
 32215 | Spider:1 | Paralysed by a hornet for 3 turns
 32217 | Spider:1 | HP: 10/294 [hornet (6)]
 32217 | Spider:1 | HP: 1/294 [redback (9)]
 32217 | Spider:1 | Slain by a spider

Vault maps used:
D:1:      dpeg_arrival_boxes_within_box, kennysheep_decorative_pillar
D:2:      ecumenical_altar_1, uniq_iyjb
D:3:      uniq_crazy_yiuf_cottage, uniq_natasha, uniq_sigmund
D:4:      black_bear_nest_1, minmay_temple_entry_poolview, first_bread,
          ashenzari_altar_1, uniq_duvessa, uniq_edmund, uniq_robin
D:6:      lemuel_ice_spiral_2, minitemple, fedhas_altar_3
D:7:      uniq_joseph
D:8:      dpeg_lair_monsters, uniq_erica
D:9:      uniq_prince_ribbit1
D:10:     david_orc_5, minmay_diamond_spiral, uniq_snorg
D:11:     uniq_harold
D:12:     cheibrodos_breeding_chamber, uniq_frances, uniq_erolcha
D:14:     lightli_vaults_fourway_checkpoint, basic_altar, lemuel_crystal_altar,
          serial_shops, shop, hangedman_little_slice_of_home,
          serial_bayou_ford_a, lightli_corner_chamber, uniq_urug
D:15:     grunt_enter_depths_magical_seal, nicolae_dithmenos_the_darkroom
Lair:1:   beast_lair_carwin_11, infiniplex_staircase_pool_2
Lair:2:   lemuel_fruit_fields
Lair:3:   grunt_forest_large_clearings
Lair:4:   elwin_shoals_entry_rocks, spider_nest_entry_web_field,
          grunt_megastairs_3
Lair:5:   beast_lair_carwin_large_3, serial_bayou_pond_b
Lair:6:   serial_bayou_pond_c, beast_lair_carwin_6
Lair:8:   minmay_lair_end_enchanted_forest, minmay_slime_entry_pillars,
          uniq_nessos
Orc:1:    serial_shops, shop, minmay_orc_temple_a, uniq_maurice
Orc:3:    nicolae_orc_pool_cavern
Orc:4:    st_orc_elflike, nicolae_for_you_no_charge, uniq_rupert
Elf:1:    evilmike_minifort, minivault_26, small_chamber_with_monster,
          grunt_ministairs_10, door_vault
Depths:1: minmay_misc_feat_four_crosses, abyss_entry_small_statue_room,
          serial_shops, nicolae_shop_stone, hellmouth_1,
          kennysheep_generic_room_3, uniq_norris, uniq_enchantress

Action                   |  1- 3 |  4- 6 |  7- 9 | 10-12 | 13-15 | 16-18 || total
-------------------------+-------+-------+-------+-------+-------+-------++-------
Melee: Falchion          |    70 |       |       |       |       |       ||    70
       Dagger            |    41 |   119 |    35 |       |       |       ||   195
       Long sword        |       |       |   282 |   678 |    11 |       ||   971
       Scimitar          |       |       |       |   310 |  1208 |   382 ||  1900
       Great sword       |       |       |       |       |    67 |       ||    67
       Triple sword      |       |       |       |       |    20 |       ||    20
Invok: Berserk           |       |     3 |     6 |    15 |    13 |     4 ||    41
       Trog's Hand       |       |       |     3 |    21 |     9 |     4 ||    37
       Brothers in Arms  |       |       |       |     2 |     2 |       ||     4
       Burn Spellbooks   |       |       |       |       |     3 |       ||     3
 Abil: Breathe Dispellin |       |       |     4 |       |       |       ||     4
Evoke: Wand              |       |       |       |    20 |    12 |     4 ||    36
       Fan of gales      |       |       |       |     1 |     1 |       ||     2
       Deck              |       |       |       |       |     5 |       ||     5
       Stone of tremors  |       |       |       |       |     1 |       ||     1
  Use: Potion            |       |     2 |       |     9 |     7 |     3 ||    21
       Scroll            |       |       |    15 |    15 |    19 |     8 ||    57
 Stab: Sleeping          |       |     3 |    22 |    33 |    47 |    17 ||   122
       Invisible         |       |     1 |       |    10 |     3 |       ||    14
       Distracted        |       |       |     1 |     4 |     9 |     1 ||    15
       Confused          |       |       |       |       |     3 |       ||     3
       Paralysed         |       |       |       |       |     1 |       ||     1
  Eat: Chunk             |       |     6 |    17 |    57 |    58 |    12 ||   150
       Pizza             |       |       |     1 |     5 |       |       ||     6
       Royal jelly       |       |       |     2 |       |       |       ||     2
       Beef jerky        |       |       |       |     4 |       |       ||     4
       Fruit             |       |       |       |     3 |       |       ||     3
       Bread ration      |       |       |       |     1 |       |       ||     1
